 Dungeon Crawl Stone Soup version 0.29.0-4-gdea44cf6ec (webtiles) character file.

Game seed: 9058324352003521296

24 qw the Sneak (level 3, 0/28 HPs)
             Began as a Ghoul Enchanter on Sept 6, 2022.
             Slain by an adder (2 damage)
             ... on level 1 of the Dungeon.
             The game lasted 00:00:40 (1770 turns).

qw the Sneak (Ghoul Enchanter)                      Turns: 1770, Time: 00:00:40

Health: 0/28       AC:  5    Str: 13    XL:     3   Next: 2%
Magic:  4/4        EV: 10    Int: 10    God:
Gold:   65         SH:  0    Dex:  9    Spells: 5/5 levels left

rFire   . . .      SeeInvis .   Y - +0 flail
rCold   + . .      Faith    .   (no shield)
rNeg    + + +      Spirit   .   e - +0 ring mail
rPois   inf        Reflect  .   (no helmet)
rElec   .          Harm     .   (no cloak)
rCorr   .          Rampage  .   (no gloves)
Will    .....                   (no boots)
Stlth   +.........              (no amulet)
HPRegen 0.00/turn               (no ring)
MPRegen 0.09/turn               (no ring)

@: inhibited regen
A: claws 1, cold resistance 1, negative energy resistance 3, inhibited
regeneration, torment resistance 2, devour on kill
a: no special abilities


You were on level 1 of the Dungeon.
You visited 1 branch of the dungeon, and saw 2 of its levels.

You collected 65 gold pieces.


Innate Abilities, Weirdness & Mutations

You are immune to poison.
You have sharp fingernails.
Your flesh is cold resistant. (rC+)
You are immune to negative energy. (rN+++)
You do not regenerate when monsters are visible.
You are immune to unholy pain and torment.
You thrive by killing the living.


   Skills:
 + Level 1.0 Fighting
 - Level 0.8 Short Blades
 - Level 2.0 Axes
 - Level 1.7 Dodging
 - Level 3.2 Stealth
 - Level 1.7 Spellcasting
 - Level 2.4 Hexes


You had 5 spell levels left.
You didn't know any spells.
Your spell library contained the following spells:

 Spells                   Type           Power      Damage    Failure   Level
 Ensorcelled Hibernation  Hex/Ice        6%         N/A       54%         2
 Confusing Touch          Hex            5%         N/A       61%         3
 Tukima's Dance           Hex            5%         N/A       61%         3
 Dazzling Flash           Conj/Hex       6%         N/A       78%         3

Inventory:

Hand Weapons
 Y - a +0 flail (weapon)
Armour
 e - a +0 ring mail (worn)
Potions
 i - 2 potions of curing

Dungeon Overview and Level Annotations

Branches:
Dungeon (2/15)

Altars:


Message History

The kobold hits you with a +0 club.
The gnoll hits the plant with a +0 spear!
The plant begins to die.
The gnoll hits you but does no damage.
The adder hisses angrily.
You thump the gnoll!
The gnoll is severely wounded.
The kobold hits you with a +0 club. The gnoll hits you but does no damage.
You thump the gnoll!
You kill the gnoll!
You feel better. The kobold closely misses you.
The gnoll hits the plant with a +0 spear!
The plant begins to die.
Your Axes skill increases to level 2!
You have reached level 3!
Your experience leads to an increase in your attributes!
Increase (S)trength, (I)ntelligence, or (D)exterity?
You feel stronger. x2
1764 ||| Stepping ~*~*~tactically~*~*~ (outnumbered).
The gnoll attacks as you move away! The gnoll closely misses you.
Found a bubbling green potion.
The kobold throws a stone.
The stone hits you but does no damage.
You closely miss the gnoll.
A nearby plant withers and dies.
The adder closely misses you. The gnoll hits you with a +0 flail!
The kobold hits you with a +0 club.
1766 ||| Stepping ~*~*~tactically~*~*~ (outnumbered).
The kobold throws a stone.
The stone barely misses you.
There is a stone staircase leading up here.
1767 ||| STAIRDANCE A nearby plant withers and dies.
The adder barely misses you. The gnoll hits you with a +0 flail!
The gnoll hits you but does no damage.
You climb upwards.
There is a stone staircase leading down here.
You barely miss the adder. Your claw misses the adder.
The adder barely misses you. x2; The gnoll barely misses you.
The gnoll hits you with a +0 club.
You thump the adder!
The adder is severely wounded.
The adder bites you. The gnoll closely misses you. The gnoll barely misses you.
The adder bites you.
You die...

#.###...###.#.# #..##..### #...
#.# ##.## ###.# #....!...# ####
#.# #..# #.# #.###..#.# #.#
##.# #.# #......#.# #.# #.# #.#
####...#.# #.# #.# #.# #...#.#
#.# ##.## #.# #...#.# #.#
##...## #S######...#.#
#.###.....###g@g.......#.#
#.##.......#########..##.#
#.#.........########..##.#
#.#...................##.######
#..........)#............##..#d
####.......##.#######.#####.###
##.....###.# #.# ##.##p
##..>####.## #.####...##
##........# #.##.....#O


You could see 2 gnolls and an adder.

Vanquished Creatures
  A gnoll (D:2)
  An endoplasm (D:1)
  A hobgoblin (D:1)
  2 kobolds (D:1)
  2 quokkas (D:1)
  2 ball pythons (D:1)
  4 bats (D:1)
  A goblin (D:1)
  3 rats (D:1)
17 creatures vanquished.

Vanquished Creatures (others)
  2 plants (D:2)
2 creatures vanquished.

Grand Total: 19 creatures vanquished

Notes
Turn   | Place    | Note
-------+----------+-------------------------------------------
     0 | D:1      | qw the Ghoul Enchanter began the quest for the Orb.
     0 | D:1      | Reached XP level 1. HP: 14/14 MP: 2/2
     0 | D:1      | 0 ||| qw: Version: 0.1-a-108-g9e35731
     0 | D:1      | 0 ||| qw: Game counter: 6232
     0 | D:1      | 0 ||| qw: Always use a shield: true
     0 | D:1      | 0 ||| qw: God list: Okawaru
     0 | D:1      | 0 ||| qw: Allow faded altars: false
     0 | D:1      | 0 ||| qw: Do Orc after D:15 true
     0 | D:1      | 0 ||| qw: Do second Lair branch before Depths: true
     0 | D:1      | 0 ||| qw: Lair rune preference: random
     0 | D:1      | 0 ||| qw: Plans: Normal
     0 | D:1      | 0 ||| PLANNING D:1-11
     2 | D:1      | Noticed an octopode
     2 | D:1      | Noticed a gargoyle
     4 | D:1      | Noticed a merfolk
     4 | D:1      | Noticed an elf
     6 | D:1      | Noticed a spriggan
     8 | D:1      | Noticed a draconian
     8 | D:1      | Noticed a demonspawn
    10 | D:1      | Noticed a tengu
    10 | D:1      | Noticed a vine stalker
    12 | D:1      | Noticed a ghoul
    12 | D:1      | Noticed a naga
    14 | D:1      | Noticed a vampire
    14 | D:1      | Noticed a felid
    16 | D:1      | Noticed a human
    16 | D:1      | Noticed a troll
    18 | D:1      | Noticed a formicid
    20 | D:1      | Noticed a palentonga
    22 | D:1      | Noticed an ogre
    22 | D:1      | Noticed a demigod
    24 | D:1      | Noticed a meteoran
    24 | D:1      | Noticed a human
    26 | D:1      | Noticed a draconian
    26 | D:1      | Noticed a vampire
   394 | D:1      | 394 ||| SWAPPING to +0 short sword.
   401 | D:1      | Reached skill level 1 in Axes
   401 | D:1      | 401 ||| DROPPING +1 dagger.
   532 | D:1      | Reached skill level 1 in Fighting
   532 | D:1      | Reached XP level 2. HP: 20/23 MP: 3/3
  1064 | D:1      | 1064 ||| SWAPPING to +0 flail.
  1065 | D:1      | 1065 ||| DROPPING +0 short sword.
  1135 | D:1      | Found a faded altar of an unknown god.
  1624 | D:1      | 1624 ||| UPGRADING to +0 ring mail.
  1634 | D:1      | 1634 ||| DROPPING +0 robe.
  1635 | D:1      | 1635 ||| READING scroll labelled HOMYRA LUM.
  1736 | D:1      | 1736 ||| READING scroll labelled WUUBUD IFAUG.
  1737 | D:1      | 1737 ||| READING scroll labelled RACI LEMIMMUUD.
  1738 | D:1      | 1738 ||| READING scroll labelled UMORAV WERPHORU.
  1739 | D:1      | 1739 ||| READING scroll labelled NONYANK UDYAD.
  1743 | D:1      | 1743 ||| READING scroll labelled KOSYDW VEMOB.
  1744 | D:1      | 1744 ||| DRINKING 3 orange potions.
  1745 | D:1      | 1745 ||| DROPPING 2 potions of invisibility.
  1764 | D:2      | Reached XP level 3. HP: 22/28 MP: 4/4
  1764 | D:2      | 1764 ||| Stepping ~*~*~tactically~*~*~ (outnumbered).
  1766 | D:2      | 1766 ||| Stepping ~*~*~tactically~*~*~ (outnumbered).
  1767 | D:2      | 1767 ||| STAIRDANCE
  1767 | D:2      | HP: 6/28 [gnoll/+0 flail (8)]
  1770 | D:1      | HP: 2/28 [adder (2)]
  1770 | D:1      | Slain by an adder

Levels and vault maps discovered:
D:1:      kb_arrival_jail, layout_loops_ring,
          ebering_ecumenical_altar_petrified, minmay_unequal
D:2:      layout_basic, serial_shops, nicolae_square_shop, nicolae_shop_crystal,
          shop, basic_altar, minivault_26, nicolae_grassy_gnolls

Skill      XL: |  1  2 |
---------------+-------+-----
Axes           | 1 2 |  2.0
Fighting       | 1 |  1.0
Short Blades   | |  0.8
Dodging        | |  1.7
Stealth        | |  3.2
Spellcasting   | |  1.7
Hexes          | |  2.4

Action                   || total
-------------------------++-------
Melee: Dagger            ||    28
       Short sword       ||    32
       Flail             ||    21
  Use: Scroll            ||     6
       Potion            ||     1
Armor: Robe              ||    17
       Ring mail         ||     5
Dodge: Dodged            ||    54

Table legend:
 A = Non-vault XP
 B = Vault XP
 C = Vault XP percentage of total XP
 D = Non-vault monster count
 E = Vault monster count
 F = Vault count percentage of total count
                 A         B        C        D         E       F
            +---------+---------+-------+---------+---------+-------
      Total |      19 |      16 |  45.7 |      14 |       3 |  17.6
            +---------+---------+-------+---------+---------+-------
        D:1 |      19 |       3 |  13.6 |      14 |       2 |  12.5
        D:2 |       0 |      13 | 100.0 |       0 |       1 | 100.0
            +---------+---------+-------+---------+---------+-------
